 Dungeon Crawl Stone Soup version 0.21.0-24-g2553a33 (webtiles) character file.

189 Gorglomux the Skirmisher (level 5, -2/67 HPs)
             Began as a Demigod Wanderer on Jan 19, 2018.
             Killed by divine providence
             ... invoked by an orc priest
              (13 damage)
             ... on level 3 of the Dungeon.
             The game lasted 00:02:21 (2630 turns).

Gorglomux the Skirmisher (Demigod Wanderer)         Turns: 2630, Time: 00:02:21

Health: -2/67      AC: 22    Str: 15    XL:     5   Next: 17%
Magic:  7/7        EV:  2    Int: 16    God:
Gold:   152        SH:  0    Dex: 17    Spells: 4/4 levels left

rFire    . . .     SeeInvis .   a - +2 spear
rCold    . . .     Gourm    .   (no shield)
rNeg     + + +     Faith    .   (armour currently unavailable)
rPois    +         Spirit   .   (helmet currently unavailable)
rElec    .         Reflect  .   (cloak currently unavailable)
rCorr    .         Harm     .   (gloves currently unavailable)
MR       .....     NoTele   +   (boots currently unavailable)
Stlth    ++........             (no amulet)
HPRegen  0.21/turn              (no ring)
MPRegen  0.10/turn              (no ring)

@: tree-form
A: high mp 1
a: no special abilities


You were on level 3 of the Dungeon.
You were near starving.
You were a tree.
You visited 1 branch of the dungeon, and saw 3 of its levels.

You collected 152 gold pieces.

Inventory:

Hand Weapons
 a - a +2 spear (weapon)
 q - a +0 blowgun
Missiles
 c - 7 poisoned needles
Armour
 e - a +0 robe (melded)
 v - a +0 cloak (melded)
 E - a +2 pair of gloves (melded)
 G - a +0 helmet (melded)
Wands
 D - a wand of digging (12)
Scrolls
 s - 2 scrolls of amnesia {unknown}
 u - a scroll of identify {unknown}
 x - a scroll of enchant weapon {unknown}
 y - a scroll of random uselessness {unknown}
 A - a scroll of remove curse {unknown}
 F - 4 scrolls of teleportation {unknown}
Potions
 z - a potion of might
 Q - a potion of curing
Comestibles
 f - 5 rations


   Skills:
 + Level 3.1 Fighting
   Level 1.7 Maces & Flails
 - Level 2.4 Polearms
 - Level 1.0 Throwing
 + Level 2.7 Armour
 + Level 2.3 Dodging
 - Level 1.0 Stealth
   Level 1.0 Shields


You had 4 spell levels left.
You didn't know any spells.

Dungeon Overview and Level Annotations

Branches:
Dungeon (3/15)

Annotations:
D:3 Frank's ghost, amateur OpFi


Innate Abilities, Weirdness & Mutations

You have an increased reservoir of magic. (+10% MP)


Message History

It was a potion of curing!
You feel better!
Q - a potion of curing The orc priest hits you but does no damage!
You barely miss the butt butt!
The orc priest is lightly wounded!
The orc priest hits you but does no damage!
You spit the orc priest like a pig!
The orc priest is lightly wounded!
The orc priest looks satisfied for a moment!
You are near starving!!!
You skewer the orc priest but do no damage!
The orc priest is lightly wounded!
The orc priest calls down the wrath of Beogh upon you!
Beogh smites you!!! * * * don't die
* * * You closely miss the orc priest!
The orc priest is lightly wounded!
The orc priest calls down the wrath of Beogh upon you!
Beogh smites butt!!! rip

......... ########.
....?.. #...#[
.......#########.###..[#.
...>...+...........+...'.
.......#####.###.###...#.
.......+[###..##.###...#.
..(....#.#...............
......[#♣#.###..###..###.
......)o.....#....#....#.
.....<.#.#.###..###..###.
########.#...............
#'#.###..#.#..###. .....
#..#.#....#. ....#
#..###..###. ...... ....
.... . ..)..###..# #..##
.


You could see an orc priest.

Vanquished Creatures
  An orc priest (D:3)
  An orc wizard (D:2)
  Jessica (D:3)
  5 adders
  2 worms
  A dart slug (D:1)
  A leopard gecko (D:1)
  6 orcs
  3 giant cockroaches
  4 goblins
  7 hobgoblins
  4 kobolds
  2 ball pythons
  4 bats
  A frilled lizard (D:2)
  7 rats
50 creatures vanquished.

Notes
Turn   | Place    | Note
-------+----------+-------------------------------------------
     0 | D:1      | Gorglomux the Demigod Wanderer began the quest for the Orb.
     0 | D:1      | Gorglomux set off with: a +2 spear, a potion of lignification, 12 poisoned needles, a +0 robe, a ration, a +0 blowgun
     0 | D:1      | Reached XP level 1. HP: 17/17 MP: 3/3
   329 | D:1      | Reached skill level 2 in Fighting
   513 | D:1      | Reached XP level 2. HP: 22/24 MP: 4/4
   853 | D:2      | Reached skill level 1 in Dodging
   959 | D:2      | Reached XP level 3. HP: 26/29 MP: 5/5
   965 | D:2      | Found an ancient bone altar of Kikubaaqudgha.
   965 | D:2      | Found a sparkling altar of Nemelex Xobeh.
   980 | D:2      | Found a shadowy altar of Dithmenos.
  1704 | D:3      | Reached XP level 4. HP: 33/37 MP: 6/6
  2264 | D:3      | Noticed Frank's ghost (amateur OpFi)
  2353 | D:3      | Noticed Jessica
  2356 | D:3      | Reached skill level 3 in Fighting
  2364 | D:3      | Killed Jessica
  2364 | D:3      | Reached XP level 5. HP: 12/45 MP: 7/7
  2630 | D:3      | Killed from afar by an orc priest

Skill      XL: |  1  2  3  4 |
---------------+-------------+-----
Fighting       | 2 3 |  3.1
Polearms       | 2 |  2.4
Dodging        | 1 2 |  2.3
Armour         | 2 |  2.7
Maces & Flails | |  1.7
Throwing       | |  1.0
Stealth        | |  1.0
Shields        | |  1.0

Action                   |  1- 3 |  4- 6 || total
-------------------------+-------+-------++-------
Melee: Spear             |   123 |    75 ||   198
 Fire: Blowgun           |     3 |     6 ||     9
  Use: Potion            |       |     2 ||     2
 Stab: Sleeping          |     4 |       ||     4
       Distracted        |       |     1 ||     1
  Eat: Chunk             |     3 |     1 ||     4
Armor: Robe              |    21 |    24 ||    45
       Skin              |       |     2 ||     2
Dodge: Dodged            |    52 |    38 ||    90
